MID
GREAT LAKES LOONS @ ATLANTA (MID) BRAVES
09/12/2047
 
TOP OF THE 1ST
Great Lakes Loons batting - Pitching for Atlanta (MID) Braves : LHP Kyle Foster
Pitching: LHP Kyle Foster
Batting: RHB Josh Crenwelge 0-0: Called Strike
0-1: Ball
1-1: Ball
2-1: Ball
3-1: Base on Balls
Batting: RHB Bobby Gray 0-0: SINGLE (Groundball, 4MD, EV 97.5 MPH)
Josh Crenwelge to second
Runner from 2nd tries for 3rd, SAFE, throw by CF made to third
Batting: LHB Stephen Van Raalte 0-0: Called Strike
0-1: Ball
1-1: Foul Ball, location: 2F
1-2: Reached on error, E4 (Groundball, 34S, EV 80.0 MPH)
Josh Crenwelge scores
Bobby Gray to third
Batting: RHB Devon Fourcade 0-0: Ball
1-0: Fly out, F5 (Popup, 25, EV 88.8 MPH)
Batting: LHB Chris Raymond 0-0: Called Strike
0-1: Called Strike
0-2: Ball
1-2: Ground out 3-1 (Groundball, 34, EV 76.2 MPH)
Bobby Gray scores
Stephen Van Raalte to third
Batting: RHB Steve Clark 0-0: Ball
1-0: Ball
2-0: Swinging Strike
2-1: Ball
3-1: Called Strike
3-2: Ground out 4-3 (Groundball, 4, EV 86.2 MPH)
Top of the 1st over - 2 runs, 1 hit, 1 error, 1 left on base; Great Lakes 2 - Atlanta (MID) 0
BOTTOM OF THE 1ST
Atlanta (MID) Braves batting - Pitching for Great Lakes Loons : RHP Jason Englert
Pitching: RHP Jason Englert
Batting: RHB Zheng-ze King 0-0: Swinging Strike
0-1: Foul Ball, location: 2F
0-2: Ball
1-2: Strikes out swinging
Batting: RHB Badr al Din Ridha 0-0: Ball
1-0: Ball
2-0: Foul Ball, location: 2F
2-1: Swinging Strike
2-2: Foul Ball, location: 2F
2-2: SINGLE (Groundball, 4, EV 95.0 MPH)
Batting: RHB Yojiro Hayashi 0-0: Ball
1-0: Called Strike
1-1: Fielders Choice at 2nd, 3-6 (Groundball, 23, EV 90.6 MPH)
Batting: RHB Nick Holsinger 0-0: Called Strike
0-1: Foul Ball, location: 2F
0-2: Ground out 4-3 (Groundball, 4S, EV 85.0 MPH)
Bottom of the 1st over - 0 runs, 1 hit, 0 errors, 1 left on base; Great Lakes 2 - Atlanta (MID) 0
TOP OF THE 2ND
Great Lakes Loons batting - Pitching for Atlanta (MID) Braves : LHP Kyle Foster
Batting: RHB Trevor Conklin 0-0: Called Strike
0-1: Ball
1-1: SINGLE (Groundball, 34D, EV 103.1 MPH)
Batting: SHB Nate Kopchak 0-0: Ball
1-0: Ball
2-0: Foul Ball, location: 2F
2-1: Grounds into double play, 4-3-6 (Groundball, 34, EV 77.5 MPH)
Batting: SHB Xavier Alaniz 0-0: Called Strike
0-1: Called Strike
0-2: Strikes out looking
Top of the 2nd over - 0 runs, 1 hit, 0 errors, 0 left on base; Great Lakes 2 - Atlanta (MID) 0
BOTTOM OF THE 2ND
Atlanta (MID) Braves batting - Pitching for Great Lakes Loons : RHP Jason Englert
Batting: LHB Joe Phillips 0-0: Ball
1-0: Called Strike
1-1: Ball
2-1: Swinging Strike
2-2: Strikes out swinging
Batting: LHB Malik Boulay 0-0: Ball
1-0: Foul Ball, location: 2F
1-1: Ball
2-1: Called Strike
2-2: Ball
3-2: Strikes out looking
Batting: RHB David Zelaya 0-0: Called Strike
0-1: Foul Ball, location: 2F
0-2: Strikes out swinging
Bottom of the 2nd over - 0 runs, 0 hits, 0 errors, 0 left on base; Great Lakes 2 - Atlanta (MID) 0
TOP OF THE 3RD
Great Lakes Loons batting - Pitching for Atlanta (MID) Braves : LHP Kyle Foster
Batting: RHB Josh Crenwelge 0-0: Swinging Strike
0-1: Ball
1-1: Swinging Strike
1-2: Foul Ball, location: 2F
1-2: Foul Ball, location: 2F
1-2: Strikes out looking
Batting: RHB Bobby Gray 0-0: Ball
1-0: Foul Ball, location: 2F
1-1: Ground out 5-3 (Groundball, 56S, EV 91.2 MPH)
Batting: LHB Stephen Van Raalte 0-0: Ball
1-0: Ball
2-0: Foul Ball, location: 2F
2-1: SINGLE (Groundball, 34S, EV 74.4 MPH) (infield hit)
Batting: RHB Devon Fourcade 0-0: Called Strike
0-1: Foul Ball, location: 2F
0-2: Hit by Pitch
Stephen Van Raalte to second
Batting: LHB Chris Raymond 0-0: Called Strike
0-1: Foul Ball, location: 2F
0-2: Ball
1-2: Ball
2-2: Foul Ball, location: 2F
2-2: Foul Ball, location: 2F
2-2: SINGLE (Flyball, 56D, EV 85.6 MPH)
Stephen Van Raalte to third
Devon Fourcade to second
Batting: RHB Steve Clark 0-0: Ball
1-0: Ball
2-0: Called Strike
2-1: Fly out, F8 (Flyball, 8RD, EV 75.6 MPH)
Top of the 3rd over - 0 runs, 2 hits, 0 errors, 3 left on base; Great Lakes 2 - Atlanta (MID) 0
BOTTOM OF THE 3RD
Atlanta (MID) Braves batting - Pitching for Great Lakes Loons : RHP Jason Englert
Batting: RHB George Provance 0-0: Foul Ball, location: 2F
0-1: Ball
1-1: Ball
2-1: Called Strike
2-2: Foul Ball, location: 2F
2-2: Ball
3-2: Foul Ball, location: 2F
3-2: Base on Balls
Batting: RHB Miguel Vazquez 0-0: Called Strike
0-1: Called Strike
George Provance steals 2nd base (no throw)
0-2: Foul Ball, location: 2F
0-2: Ball
1-2: Ground out 5-3 (Groundball, 56S, EV 88.8 MPH)
Batting: RHB Zheng-ze King 0-0: Called Strike
0-1: Ball
George Provance steals 3rd base
1-1: Swinging Strike
1-2: Strikes out swinging
Batting: RHB Badr al Din Ridha 0-0: Called Strike
0-1: Swinging Strike
0-2: Ball
1-2: SINGLE (Groundball, 56D, EV 103.8 MPH)
George Provance scores
Batting: RHB Yojiro Hayashi 0-0: Ball
1-0: Called Strike
1-1: Swinging Strike
1-2: Ball
2-2: Strikes out swinging
Bottom of the 3rd over - 1 run, 1 hit, 0 errors, 1 left on base; Great Lakes 2 - Atlanta (MID) 1
TOP OF THE 4TH
Great Lakes Loons batting - Pitching for Atlanta (MID) Braves : LHP Kyle Foster
Batting: RHB Trevor Conklin 0-0: Called Strike
0-1: Ball
1-1: Ball
2-1: Ball
3-1: Ground out 4-3 (Groundball, 4, EV 86.9 MPH)
Batting: SHB Nate Kopchak 0-0: Ground out 3-1 (Groundball, 34, EV 106.2 MPH)
Batting: SHB Xavier Alaniz 0-0: SOLO HOME RUN (Flyball, 78XD, EV 106.9 MPH), Distance : 404 ft
Batting: RHB Josh Crenwelge 0-0: DOUBLE (Line Drive, 78D, EV 108.8 MPH)
Batting: RHB Bobby Gray 0-0: Ball
1-0: Called Strike
1-1: Ball
2-1: Foul Ball, location: 2F
2-2: DOUBLE (Groundball, 5L, EV 103.1 MPH)
Josh Crenwelge scores
Batting: LHB Stephen Van Raalte 0-0: Ball
1-0: Called Strike
1-1: 2-RUN HOME RUN (Flyball, 89XD, EV 99.4 MPH), Distance : 420 ft
Pitching: RHP Andy Britton
Batting: RHB Devon Fourcade 0-0: Ball
1-0: Ball
2-0: Swinging Strike
2-1: Ball
3-1: Ground out U3 (Groundball, 13, EV 85.0 MPH)
Top of the 4th over - 4 runs, 4 hits, 0 errors, 0 left on base; Great Lakes 6 - Atlanta (MID) 1
BOTTOM OF THE 4TH
Atlanta (MID) Braves batting - Pitching for Great Lakes Loons : RHP Jason Englert
Batting: RHB Nick Holsinger 0-0: Fly out, F9 (Flyball, 9LD, EV 81.9 MPH)
Batting: LHB Joe Phillips 0-0: Foul Ball, location: 2F
0-1: Foul Ball, location: 2F
0-2: Strikes out looking
Batting: LHB Malik Boulay 0-0: Foul Ball, location: 2F
0-1: SINGLE (Groundball, 25, EV 63.1 MPH) (infield hit)
Batting: RHB David Zelaya 0-0: Called Strike
0-1: Ball
1-1: Ball
2-1: Swinging Strike
2-2: Ball
3-2: Strikes out looking
Bottom of the 4th over - 0 runs, 1 hit, 0 errors, 1 left on base; Great Lakes 6 - Atlanta (MID) 1
TOP OF THE 5TH
Great Lakes Loons batting - Pitching for Atlanta (MID) Braves : RHP Andy Britton
Batting: LHB Chris Raymond 0-0: Ball
1-0: Ball
2-0: Ball
3-0: Base on Balls
Batting: RHB Steve Clark 0-0: Called Strike
0-1: Foul Ball, location: 2F
0-2: Strikes out swinging
Batting: RHB Trevor Conklin 0-0: Called Strike
0-1: Called Strike
0-2: Ball
1-2: Ball
2-2: Foul Ball, location: 2F
2-2: Strikes out swinging
Batting: SHB Nate Kopchak 0-0: Ball
Chris Raymond steals 2nd base
1-0: Ground out 3-1 (Groundball, 34, EV 96.9 MPH)
Top of the 5th over - 0 runs, 0 hits, 0 errors, 1 left on base; Great Lakes 6 - Atlanta (MID) 1
BOTTOM OF THE 5TH
Atlanta (MID) Braves batting - Pitching for Great Lakes Loons : RHP Jason Englert
Batting: RHB George Provance 0-0: Ball
1-0: Ball
2-0: Called Strike
2-1: Fly out, F7 (Flyball, 7, EV 88.1 MPH)
Batting: RHB Miguel Vazquez 0-0: Ball
1-0: Ball
2-0: Called Strike
2-1: Called Strike
2-2: SINGLE (Groundball, 56D, EV 98.1 MPH)
Batting: RHB Zheng-ze King 0-0: Ball
1-0: Called Strike
1-1: Foul Ball, location: 2F
1-2: Foul Ball, location: 2F
1-2: Strikes out swinging
Batting: RHB Badr al Din Ridha 0-0: Hit by Pitch
Miguel Vazquez to second
Batting: RHB Yojiro Hayashi 0-0: Fly out, F9 (Flyball, 9LM, EV 95.6 MPH)
Bottom of the 5th over - 0 runs, 1 hit, 0 errors, 2 left on base; Great Lakes 6 - Atlanta (MID) 1
TOP OF THE 6TH
Great Lakes Loons batting - Pitching for Atlanta (MID) Braves : RHP Andy Britton
Batting: SHB Xavier Alaniz 0-0: Called Strike
0-1: SINGLE (Line Drive, 89S, EV 111.9 MPH)
Batting: RHB Josh Crenwelge 0-0: Ball
Xavier Alaniz steals 2nd, throwing error, E2
Xavier Alaniz to third
1-0: Called Strike
1-1: Ball
2-1: Foul Ball, location: 2F
2-2: Ball
3-2: Base on Balls
Batting: RHB Bobby Gray 0-0: Ball
Wild Pitch!
Xavier Alaniz scores
Josh Crenwelge to second
1-0: Ball
2-0: Called Strike
2-1: Ball
3-1: Base on Balls
Batting: LHB Stephen Van Raalte 0-0: Called Strike
0-1: Foul Ball, location: 2F
0-2: Ball
1-2: Ball
2-2: Foul Ball, location: 2F
2-2: Strikes out swinging
Batting: RHB Devon Fourcade 0-0: Ball
1-0: Ball
2-0: Foul Ball, location: 2F
2-1: Ball
3-1: Swinging Strike
3-2: Strikes out swinging
Batting: LHB Chris Raymond 0-0: Ball
1-0: Ball
2-0: Ball
3-0: Called Strike
3-1: Base on Balls
Josh Crenwelge to third
Bobby Gray to second
Batting: RHB Steve Clark 0-0: Foul Ball, location: 2F
0-1: Ball
1-1: Fly out, F7 (Flyball, 7, EV 90.0 MPH)
Top of the 6th over - 1 run, 1 hit, 1 error, 3 left on base; Great Lakes 7 - Atlanta (MID) 1
BOTTOM OF THE 6TH
Atlanta (MID) Braves batting - Pitching for Great Lakes Loons : RHP Jason Englert
Batting: RHB Nick Holsinger 0-0: Ball
1-0: SINGLE (Line Drive, 9S, EV 93.1 MPH)
Batting: LHB Joe Phillips 0-0: Ball
Nick Holsinger is caught stealing 2nd base 2-6
1-0: Swinging Strike
1-1: Foul Ball, location: 2F
1-2: Foul Ball, location: 2F
1-2: Ground out U3 (Groundball, 3, EV 89.4 MPH)
Batting: LHB Malik Boulay 0-0: Ball
1-0: SOLO HOME RUN (Flyball, 9D, EV 98.8 MPH), Distance : 365 ft
Batting: RHB David Zelaya 0-0: Foul Ball, location: 2F
0-1: Ball
1-1: Ball
2-1: Foul Ball, location: 2F
2-2: Foul Ball, location: 2F
2-2: Ball
3-2: Base on Balls
Batting: RHB George Provance 0-0: Ball
1-0: Ball
2-0: Ball
3-0: Called Strike
3-1: Swinging Strike
3-2: Ground out 6-3 (Groundball, 56, EV 83.1 MPH)
Bottom of the 6th over - 1 run, 2 hits, 0 errors, 1 left on base; Great Lakes 7 - Atlanta (MID) 2
TOP OF THE 7TH
Great Lakes Loons batting - Pitching for Atlanta (MID) Braves : RHP Andy Britton
Batting: RHB Trevor Conklin 0-0: Ball
1-0: Swinging Strike
1-1: Foul Ball, location: 2F
1-2: Ball
2-2: Fly out, F7 (Flyball, 7LD, EV 93.1 MPH)
Pitching: RHP Kevin Zika
Batting: SHB Nate Kopchak 0-0: Ball
1-0: Foul Ball, location: 2F
1-1: Called Strike
1-2: Ball
2-2: SINGLE (Groundball, P, EV 89.4 MPH) (infield hit)
Batting: SHB Xavier Alaniz 0-0: Swinging Strike
0-1: Ball
1-1: 2-RUN HOME RUN (Flyball, 78XD, EV 98.8 MPH), Distance : 392 ft
Batting: RHB Josh Crenwelge 0-0: Ball
1-0: Called Strike
1-1: Ball
2-1: Foul Ball, location: 2F
2-2: Hit by Pitch
Batting: RHB Bobby Gray 0-0: Ball
1-0: Swinging Strike
1-1: Called Strike
1-2: Foul Ball, location: 2F
1-2: Ball
2-2: Strikes out swinging
Batting: LHB Stephen Van Raalte 0-0: Ball
1-0: Ball
Josh Crenwelge steals 2nd base
2-0: Foul Ball, location: 2F
2-1: Called Strike
2-2: Ball
3-2: Strikes out swinging
Top of the 7th over - 2 runs, 2 hits, 0 errors, 1 left on base; Great Lakes 9 - Atlanta (MID) 2
BOTTOM OF THE 7TH
Atlanta (MID) Braves batting - Pitching for Great Lakes Loons : RHP Jason Englert
Pitching: LHP Ben Moore
Batting: RHB Miguel Vazquez 0-0: Ball
1-0: Ball
2-0: Ball
3-0: Base on Balls
Batting: RHB Zheng-ze King 0-0: Ball
1-0: Ball
2-0: Foul Ball, location: 2F
2-1: Swinging Strike
2-2: Strikes out swinging
Batting: RHB Badr al Din Ridha 0-0: Swinging Strike
0-1: Ball
1-1: Foul Ball, location: 2F
1-2: Ball
2-2: SINGLE (Line Drive, 7LS, EV 110.0 MPH)
Miguel Vazquez to second
Batting: RHB Yojiro Hayashi 0-0: Foul Ball, location: 2F
0-1: Ball
1-1: Foul Ball, location: 2F
1-2: Fly out, F9 (Flyball, 9, EV 86.2 MPH)
Batting: RHB Nick Holsinger 0-0: Ball
1-0: Called Strike
1-1: Swinging Strike
1-2: Ball
2-2: Strikes out swinging
Bottom of the 7th over - 0 runs, 1 hit, 0 errors, 2 left on base; Great Lakes 9 - Atlanta (MID) 2
TOP OF THE 8TH
Great Lakes Loons batting - Pitching for Atlanta (MID) Braves : RHP Kevin Zika
Batting: RHB Devon Fourcade 0-0: Foul Ball, location: 2F
0-1: Ball
1-1: Called Strike
1-2: Strikes out swinging
Batting: LHB Chris Raymond 0-0: Ball
1-0: SOLO HOME RUN (Flyball, 9D, EV 97.5 MPH), Distance : 361 ft
Batting: RHB Steve Clark 0-0: Foul Ball, location: 2F
0-1: Foul Ball, location: 2F
0-2: Ball
1-2: Ball
2-2: Foul Ball, location: 2F
2-2: SINGLE (Line Drive, 4D, EV 95.0 MPH)
Pitching: RHP Jeremy Armstrong
Batting: RHB Trevor Conklin 0-0: Called Strike
0-1: Ball
1-1: Foul Ball, location: 2F
1-2: Ball
2-2: SINGLE (Groundball, 3S, EV 95.0 MPH)
Steve Clark to second
Runner from 2nd tries for 3rd, SAFE, throw by RF made to third
Batting: SHB Nate Kopchak 0-0: Ball
1-0: Ball
2-0: Ball
3-0: Called Strike
3-1: Swinging Strike
3-2: Foul Ball, location: 2F
3-2: Base on Balls
Trevor Conklin to second
Batting: SHB Xavier Alaniz 0-0: Called Strike
0-1: Ball
Wild Pitch!
Steve Clark scores
Trevor Conklin to third
Nate Kopchak to second
1-1: DOUBLE (Line Drive, 89D, EV 101.9 MPH)
Trevor Conklin scores
Nate Kopchak scores
Batting: RHB Josh Crenwelge 0-0: Swinging Strike
0-1: Swinging Strike
0-2: Strikes out swinging, 2-3 out at first.
Batting: RHB Bobby Gray 0-0: Called Strike
0-1: Ball
1-1: Ball
2-1: Ball
3-1: Called Strike
3-2: Foul Ball, location: 2F
3-2: Ground out U3 (Groundball, 34, EV 80.0 MPH)
Top of the 8th over - 4 runs, 4 hits, 0 errors, 1 left on base; Great Lakes 13 - Atlanta (MID) 2
BOTTOM OF THE 8TH
Atlanta (MID) Braves batting - Pitching for Great Lakes Loons : LHP Ben Moore
Batting: LHB Joe Phillips 0-0: Called Strike
0-1: Ground out 4-3 (Groundball, 4, EV 103.8 MPH)
Batting: LHB Malik Boulay 0-0: Called Strike
0-1: Ball
1-1: Ball
2-1: Foul Ball, location: 2F
2-2: Ground out 1-3 (Groundball, 34S, EV 61.2 MPH)
Batting: RHB David Zelaya 0-0: Ground out 3-1 (Groundball, 13, EV 86.2 MPH)
Bottom of the 8th over - 0 runs, 0 hits, 0 errors, 0 left on base; Great Lakes 13 - Atlanta (MID) 2
TOP OF THE 9TH
Great Lakes Loons batting - Pitching for Atlanta (MID) Braves : RHP Jeremy Armstrong
Batting: LHB Stephen Van Raalte 0-0: Called Strike
0-1: Ball
1-1: Ball
2-1: Ball
3-1: Called Strike
3-2: Ground out 1-3 (Groundball, 15, EV 63.1 MPH)
Batting: RHB Devon Fourcade 0-0: Ball
1-0: Swinging Strike
1-1: Ball
2-1: Swinging Strike
2-2: Strikes out swinging
Batting: LHB Chris Raymond 0-0: Called Strike
0-1: Ball
1-1: Foul Ball, location: 2F
1-2: Ball
2-2: Strikes out looking
Top of the 9th over - 0 runs, 0 hits, 0 errors, 0 left on base; Great Lakes 13 - Atlanta (MID) 2
BOTTOM OF THE 9TH
Atlanta (MID) Braves batting - Pitching for Great Lakes Loons : LHP Ben Moore
Batting: RHB George Provance 0-0: Fly out, F2 (Popup, 15S, EV 85.6 MPH)
Batting: RHB Miguel Vazquez 0-0: Ball
1-0: Called Strike
1-1: Ball
2-1: Foul Ball, location: 2F
2-2: Foul Ball, location: 2F
2-2: Foul Ball, location: 2F
2-2: SINGLE (Line Drive, 9LM, EV 103.8 MPH)
Batting: RHB Zheng-ze King 0-0: Ball
1-0: Foul Ball, location: 2F
1-1: Ball
2-1: Called Strike
2-2: Grounds into double play, 4-6-3 (Groundball, 4, EV 105.0 MPH)
Bottom of the 9th over - 0 runs, 1 hit, 0 errors, 0 left on base; Great Lakes 13 - Atlanta (MID) 2
Thursday, December 15th , 2022 - OOTP Baseball 23.9 Build 102